 Dungeon Crawl Stone Soup version 0.31.0-32-g396128a36d (webtiles) character file.

Game seed: 15748364061322786069

42 Zeor the Slasher (level 3, -6/23 (27) HPs)
             Began as a Merfolk Reaver on Mar 29, 2024.
             Mangled by Terence
             ... wielding a +2 hand axe of electrocution
              (17 damage)
             ... on level 2 of the Dungeon.
             The game lasted 00:03:38 (1375 turns).

Zeor the Slasher (Merfolk Reaver)                   Turns: 1375, Time: 00:03:40

HP:   -6/23 (27)    AC:  3    Str: 12    XL:     3   Next: 54%
MP:   5/6           EV: 12    Int: 14    God:
Gold: 139           SH:  0    Dex: 12    Spells: 3/6 levels left

rFire   . . .        a - +2 falchion
rCold   . . .        (no shield)
rNeg    . . .        b - +0 leather armour
rPois   .            (no helmet)
rElec   .            (no cloak)
rCorr   .            (no gloves)
SInv    .            (no boots)
Will    .....        (no amulet)
Stlth   +            (no ring)
HPRegen 0.23/turn    (no ring)
MPRegen 0.10/turn

%: no passive effects
@: heavily drained
A: (nimble swimmer 2), mertail
a: no special abilities


You were on level 2 of the Dungeon.
You visited 1 branch of the dungeon, and saw 2 of its levels.

You collected 139 gold pieces.

Inventory:

Hand Weapons
 a - a +2 falchion (weapon)
 c - a +3 dagger
 k - the +3 falchion "Newt's Regret" {drain, rElec Str+8}
   (You found it on level 2 of the Dungeon)

   Str+8:     It affects your strength (+8).
   rElec:     It insulates you from electricity.
Armour
 b - a +0 leather armour (worn)
Scrolls
 i - a scroll of enchant armour {unknown}
 l - a scroll of blinking {unknown}
Potions
 d - a potion of brilliance {unknown}
 e - a potion of heal wounds {unknown}
 f - a potion of lignification {unknown}
 g - a potion of cancellation {unknown}
 h - a potion of might {unknown}
 j - 2 potions of enlightenment {unknown}


   Skills:
 + Level 2.2 Fighting
 * Level 4.8 Long Blades
 + Level 0.2 Armour
 + Level 2.8 Dodging
 * Level 2.1 Spellcasting
 + Level 2.5 Conjurations
 + Level 0.1 Necromancy


You had 3 spell levels left.
You knew the following spells:

 Your Spells              Type           Power      Damage    Failure   Level
k - Kiss of Death         Conj/Necr      20%        2d7       17%         1
s - Momentum Strike       Conj/Tloc      10%        3d8       26%         2

Your spell library contained the following spells:

 Spells                   Type           Power      Damage    Failure   Level
 Hailstorm                Conj/Ice       5%         3d5       45%         3
 Gell's Gravitas          Tloc           1%         N/A       65%         3
 Teleport Other           Tloc           1%         N/A       65%         3
 Dispersal                Tloc           0%         N/A       100%        6


Dungeon Overview and Level Annotations

Branches:
Dungeon (2/15)

Altars:

Annotations:
D:2 Terence


Innate Abilities, Weirdness & Mutations

((You are very nimble when in or above water. (Stealth+, EV+, Speed+++)))
Your lower body shifts to a powerful aquatic tail in water.


Message History

HP restored.
You start resting.
You are no longer robbed of momentum.
You start resting.
Magic restored.
Found a stone staircase leading down.
You see here a rat corpse.
A ball python comes into view.
Okay, then.
The ball python hisses angrily.
The ball python bites you. The ball python barely misses you.
You closely miss the ball python. The ball python closely misses you. x2
The ball python misses you. The ball python grabs you.
The ball python constricts you.
You closely miss the ball python.
The ball python bites you but does no damage.
The ball python constricts you.
You slash the ball python!
You kill the ball python!
You see here a ball python corpse.
You see here a ball python corpse.
Terence the Incautious comes into view.
He is wielding a +2 hand axe of electrocution.
Terence shouts!
There is a stone staircase leading down here.
Casting: Momentum Strike (quite dangerous; 26% risk of failure)
Confirm with . or Enter, or press ? or * to list all spells.
Aiming: Kiss of Death (safe; 17% risk of failure)
Press: ? - help, Shift-Dir - straight line, f - Terence
Aim: Terence, wielding a +2 hand axe of electrocution and wearing a +0 ring mail (100% to hit)
The negative energy hits Terence!
Terence is drained!
Terence is heavily wounded.
You feel drained.
Terence hits you with a +2 hand axe of electrocution!
You hit Terence.
Terence is heavily wounded.
Terence hits you with a +2 hand axe of electrocution.
You are electrocuted!
Ouch! That really hurt!
You die...
Terence says, "Time to find some more victims."

∙▒∙▒∙∙∙∙∙▒ ▒∙▒∙▒
∙▒∙▒∙∙∙∙∙▒ ▒∙▒†▒ ▒∙▒
∙∙∙∙∙∙▒▒∙▒ ▒∙▒∙▒ ▒∙▒
∙∙∙∙∙∙▒▒∙▒ ▒∙▒∙▒▒▒▒▒▒∙▒
∙∙∙∙∙∙▒▒∙▒ ▒∙▒∙∙∙∙∙∙▒∙▒
∙∙∙∙∙∙▒▒∙▒ ▒∙▒▒▒▒▒▒∙▒∙▒
▒▒∙▒∙▒▒▒∙▒ ▒∙▒∙ ▒∙▒∙▒▒
▒▒∙▒∙∙∙∙∙▒ ▒∙▒@▒▒▒▒∙▒∙∙▒
▒▒∙▒∙∙∙∙<▒▒▒▒∙▒∙m∙∙∙∙∙∙∙▒
▒▒∙▒∙∙∙∙∙∙∙∙∙∙▒∙∙▒▒▒∙∙†▒▒
▒▒∙▒∙∙∙∙∙∙▒▒▒▒▒▒▒▒▒▒▒▒∙▒▒
▒▒∙▒∙∙∙∙∙∙∙∙∙∙∙∙∙∙∙∙∙∙∙∙▒
▒▒∙▒∙▒▒▒▒∙▒▒▒▒▒▒▒▒▒▒▒▒▒▒▒
▒▒∙▒∙▒∙∙∙∙▒▒▒▒▒▒▒▒▒▒▒▒▒
∙∙∙▒∙▒∙∙∙∙∙∙∙∙∙∙▒∙∙∙(∙▒
▒▒▒▒∙▒▒▒▒∙∙∙∙∙▒∙▒∙▒▒▒∙▒
▒∙∙▒∙∙∙∙∙∙▒▒▒∙▒∙▒∙▒ ▒∙▒


You could see Terence (very drained).

Vanquished Creatures
  An adder (D:2)
  A ribbon worm (D:2)
  3 endoplasms
  2 giant cockroaches
  2 goblins
  3 hobgoblins
  2 quokkas
  7 ball pythons
  A bat (D:1)
  A frilled lizard (D:2)
  2 kobolds
  3 rats (D:2)
28 creatures vanquished.

Notes
Turn   | Place    | Note
-------+----------+-------------------------------------------
     0 | D:1      | Zeor the Merfolk Reaver began the quest for the Orb.
     0 | D:1      | Reached XP level 1. HP: 16/16 MP: 3/3
   108 | D:1      | Reached skill level 4 in Long Blades
   156 | D:1      | Reached XP level 2. HP: 22/22 MP: 5/5
   178 | D:1      | Learned a level 2 spell: Momentum Strike
   779 | D:2      | Found a faded altar of an unknown god.
  1026 | D:2      | Reached XP level 3. HP: 24/25 MP: 6/6
  1047 | D:2      | Identified the +3 falchion "Newt's Regret" {drain, rElec
                  | Str+8}
  1373 | D:2      | Noticed Terence
  1375 | D:2      | Mangled by Terence

Illustrated notes

Levels and vault maps discovered:
D:1:      erik_arrival_triangle_small, layout_rooms, serial_forest,
          infiniplex_forest_zigzag_1, infiniplex_forest_lined_ring,
          infiniplex_forest_zigzag_1, infiniplex_forest_straight_4,
          infiniplex_forest_clump_diagonal, infiniplex_forest_split,
          infiniplex_forest_diagonal, infiniplex_forest_clump_medium
D:2:      layout_basic, chequers_ecumenical_altar_simple, uniq_terence

Skill      XL: |  1 |
---------------+----+-----
Long Blades    | 4 |  4.8
Fighting       | |  2.2
Armour         | |  0.2
Dodging        | |  2.8
Spellcasting   | |  2.1
Conjurations   | |  2.5
Necromancy     | |  0.1

Action                     || total
---------------------------++-------
  Melee: Falchion          ||    71
         Punch             ||     1
   Cast: Momentum Strike   ||     4
         Kiss of Death     ||     2
    Use: Scroll            ||     4
 Armour: Leather armour    ||    38
  Dodge: Dodged            ||    49
